 Dungeon Crawl Stone Soup version 0.25-a0-1024-gbfbf38f2cb (webtiles) character file.

Game seed: 8519668096828264828, levelgen mode: deterministic

2210 Flugslaktarn the Cleaver (level 9, -23/79 HPs)
             Began as a Minotaur Fighter on May 12, 2020.
             Was an Initiate of Gozag.
             Killed from afar by a wizard (58 damage)
             ... with a crystal spear
             ... on level 7 of the Dungeon.
             The game lasted 00:02:05 (4155 turns).

Flugslaktarn the Cleaver (Minotaur Fighter)         Turns: 4155, Time: 00:02:05

Health: -23/79     AC: 13    Str: 21    XL:     9   Next: 13%
Magic:  8/8        EV:  5    Int:  5    God:    Gozag
Gold:   421        SH: 11    Dex: 13    Spells: 8/8 levels left

rFire    . . .     SeeInvis .   a - +1 war axe
rCold    . . .     Gourm    .   c - +0 kite shield
rNeg     . . .     Faith    .   k - +0 plate armour
rPois    .         Spirit   .   (helmet restricted)
rElec    .         Reflect  .   (no cloak)
rCorr    .         Harm     .   (no gloves)
MR       .....                  (no boots)
Stlth    ..........             (no amulet)
HPRegen  0.23/turn              (no ring)
MPRegen  0.11/turn              (no ring)

@: mighty
A: retaliatory headbutt, horns 2
a: Potion Petition, Call Merchant, Bribe Branch, Renounce Religion


You were on level 7 of the Dungeon.
You worshipped Gozag.
Gozag was aware of your devotion.
You were hungry.

You visited 1 branch of the dungeon, and saw 7 of its levels.

You collected 499 gold pieces.
You paid 78 gold pieces to Gozag.

Inventory:

Hand Weapons
 a - a +1 war axe (weapon)
Armour
 c - a +0 kite shield (worn)
 k - a +0 plate armour (worn)
   (You found it on level 4 of the Dungeon)
Jewellery
 f - an uncursed ring of fire
   (You found it on level 4 of the Dungeon)
 i - a cursed ring of attention {unknown}
   (You found it on level 5 of the Dungeon)
Wands
 v - a wand of digging (1)
   (You took it off Ijyb on level 5 of the Dungeon)
Scrolls
 g - a scroll of fog {unknown}
 t - 4 scrolls of teleportation
Potions
 b - 2 potions of ambrosia {unknown}
 h - 3 potions of heal wounds {unknown}
 j - 3 potions of curing {unknown}
 l - a potion of flight {unknown}
Comestibles
 e - 7 rations


   Skills:
 + Level 7.5 Fighting
 * Level 9.5 Axes
 + Level 7.4 Armour
 + Level 7.4 Shields


You had 8 spell levels left.
You didn't know any spells.
Your spell library was empty.

Dungeon Overview and Level Annotations

Branches:
Dungeon (7/15)             Temple (0/1) D:5

Altars:
Gozag
Okawaru


Innate Abilities, Weirdness & Mutations

You reflexively headbutt those who attack you in melee.
You have a pair of horns on your head.


Message History

Found a ration.
The wizard gestures at you while chanting.
The bolt of cold hits you!!
The wizard gestures at you while chanting.
The bolt of cold hits you! You block the wizard's attack.
You closely miss the wizard. You block the wizard's attack.
You closely miss the wizard. Your headbutt misses the wizard.
The wizard hits you but does no damage. x2
You slash the wizard! You headbutt the wizard!
The wizard is severely wounded.
The wizard hits you but does no damage.
Okay, then.
You feel very mighty all of a sudden. The wizard hits you but does no damage.
The wizard points at you and mumbles some strange words.
The crystal spear hits you!!!
Ouch! That really hurt!
You die...
Your body crumbles into a pile of gold.

#..............#....
.
#....>.##.....##....#
#......#####'##
#.............#
#..≈≈≈.≈≈≈....#
#.≈≈##.##≈≈...#
#.≈##...##≈.#####+#
..≈#.[...#≈........
≈.....p@.........
≈#...%.#≈........
##...##≈........ ##.#
≈≈........ ≈≈≈
≈≈....##+## ...
......# ... #......#
### #......#


You could see a wizard (fast).

Vanquished Creatures
  Pikel (D:5)
  A hippogriff (D:7)
  Sigmund (D:5)
  Edmund (D:4)
  2 ice beasts
  A slave (D:5)
  A black bear (D:7)
  2 orc warriors (D:6)
  A phantom (D:4)
  A sky beast (D:4)
  2 scorpions (D:5)
  2 crimson imps
  A jelly (D:6)
  4 orc priests (D:6)
  A hound (D:4)
  An orc wizard (D:4)
  Ijyb (D:5)
  6 worker ants
  An iguana (D:6)
  A hound skeleton (D:5)
  3 adders
  A leopard gecko (D:4)
  18 orcs
  A ball python (D:5)
  4 giant cockroaches
  A goblin (D:2)
  2 hobgoblins
  6 jackals
  2 quokkas
  3 bats (D:2)
  10 frilled lizards
  A leopard gecko skeleton (D:4)
84 creatures vanquished.

Vanquished Creatures (others)
  2 slaves (D:5)
  A centaur (D:5)
  A howler monkey (D:5)
  A worker ant (D:5)
  A shadow imp (D:5)
  A ball python (D:5)
7 creatures vanquished.

Grand Total: 91 creatures vanquished

Notes
Turn   | Place    | Note
-------+----------+-------------------------------------------
     0 | D:1      | Flugslaktarn the Minotaur Fighter began the quest for the
                  | Orb.
     0 | D:1      | Reached XP level 1. HP: 19/19 MP: 0/0
   178 | D:2      | Reached XP level 2. HP: 23/27 MP: 1/1
   270 | D:2      | Reached skill level 3 in Axes
   465 | D:3      | Reached XP level 3. HP: 33/33 MP: 2/2
   683 | D:4      | Reached skill level 4 in Axes
   683 | D:4      | Reached XP level 4. HP: 25/40 MP: 3/3
   845 | D:4      | Noticed a phantom
   875 | D:4      | Killed a phantom
   875 | D:4      | Reached XP level 5. HP: 40/47 MP: 4/4
  1074 | D:4      | Reached skill level 5 in Axes
  1131 | D:4      | Noticed Edmund
  1141 | D:4      | Killed Edmund
  1141 | D:4      | Reached skill level 5 in Fighting
  1141 | D:4      | Reached skill level 5 in Armour
  1141 | D:4      | Reached skill level 5 in Shields
  1141 | D:4      | Reached XP level 6. HP: 53/56 MP: 5/5
  1751 | D:4      | Noticed a sky beast
  1763 | D:4      | Killed a sky beast
  1763 | D:4      | Reached skill level 6 in Axes
  1927 | D:5      | Entered Level 5 of the Dungeon
  1941 | D:5      | Found an opulent altar of Gozag.
  1941 | D:5      | Noticed Ijyb
  1945 | D:5      | Reached XP level 7. HP: 58/61 MP: 6/6
  1952 | D:5      | Killed Ijyb
  1977 | D:5      | Became a worshipper of Gozag Ym Sagoz the Greedy
  1984 | D:5      | Noticed Pikel
  1990 | D:5      | Noticed Sigmund
  2008 | D:5      | Killed Pikel
  2008 | D:5      | Reached skill level 7 in Axes
  2008 | D:5      | Reached XP level 8. HP: 25/70 MP: 7/7
  2229 | D:5      | Killed Sigmund
  2360 | D:5      | Reached skill level 8 in Axes
  2476 | D:5      | Found a staircase to the Ecumenical Temple.
  2755 | D:6      | Found an iron altar of Okawaru.
  3213 | D:6      | Reached skill level 9 in Axes
  3853 | D:7      | Noticed a hippogriff
  3861 | D:7      | Reached XP level 9. HP: 57/79 MP: 8/8
  4148 | D:7      | Noticed a wizard
  4155 | D:7      | Killed from afar by a wizard

Illustrated notes

Levels and vault maps discovered:
D:1:      dpeg_arrival_tiny_c, layout_loops_ring, serial_co_window_serial,
          co_window_corner_a, co_window_paths_a, co_window_corner_a,
          co_window_paths_a, co_window_of_opportunity_a, co_window_paths_b,
          co_window_paths_a, co_window_unsneaky_path_b,
          co_window_unsneaky_path_d, co_window_broadway_b, co_window_4corner_a,
          glass_columns_a, glass_columns_b, glass_columns_a, glass_columns_a,
          minmay_misc_feat_enclosed, minmay_strange_pillars, minmay_lizard_pond
D:2:      layout_basic
D:3:      layout_loops_cross, uniq_crazy_yiuf_cottage, uniq_robin, uniq_grinder
D:4:      layout_basic, uniq_edmund
D:5:      layout_rooms, overflow_temple_1_default, minmay_temple_entry_hall,
          first_ration, uniq_sigmund, uniq_pikel, uniq_ijyb
D:6:      layout_basic, basic_altar
D:7:      cheibrodos_wizards_tower, layout_gridville, grunt_ministairs_8,
          hex_large, the_bakery, minivault_14

Skill      XL: |  1  2  3  4  5  6  7  8 |
---------------+-------------------------+-----
Axes           | 3 4 5 6 7 9 |  9.5
Fighting       | 4 5 6 7 |  7.5
Armour         | 4 5 6 7 |  7.4
Shields        | 4 5 6 7 |  7.4

Action                   |  1- 3 |  4- 6 |  7- 9 || total
-------------------------+-------+-------+-------++-------
Melee: War axe           |    65 |    76 |   140 ||   281
       Headbutt          |     6 |    14 |    31 ||    51
  Use: Scroll            |       |     2 |       ||     2
       Potion            |       |       |     1 ||     1
 Stab: Distracted        |       |       |     2 ||     2
  Eat: Chunk             |       |     3 |       ||     3
       Ration            |       |       |     2 ||     2
Armor: Scale mail        |    33 |       |       ||    33
       Plate armour      |       |    36 |    87 ||   123
Dodge: Dodged            |    20 |    18 |    22 ||    60
Block: Kite shield       |    39 |    46 |    80 ||   165

Table legend:
 A = Non-vault XP
 B = Vault XP
 C = Vault XP percentage of total XP
 D = Non-vault monster count
 E = Vault monster count
 F = Vault count percentage of total count
                 A         B        C        D         E       F
            +---------+---------+-------+---------+---------+-------
      Total |    2125 |    1033 |  32.7 |      74 |      10 |  11.9
            +---------+---------+-------+---------+---------+-------
        D:1 |       2 |       6 |  75.0 |       1 |       6 |  85.7
        D:2 |      23 |       0 |   0.0 |       7 |       0 |   0.0
        D:3 |      23 |       0 |   0.0 |       5 |       0 |   0.0
        D:4 |     517 |     154 |  23.0 |      19 |       1 |   5.0
        D:5 |     431 |     873 |  66.9 |      11 |       3 |  21.4
        D:6 |     672 |       0 |   0.0 |      24 |       0 |   0.0
        D:7 |     457 |       0 |   0.0 |       7 |       0 |   0.0
            +---------+---------+-------+---------+---------+-------
